 Dungeon Crawl Stone Soup version 0.19.1 (webtiles) character file.

122751 Vedraith the Tortoise (level 16, 0/152 HPs)
             Began as a Minotaur Fighter on Dec 21, 2016.
             Was the Champion of Okawaru.
             Blown up by an orb spider (39 damage)
             ... with an orb of destruction
             ... on level 2 of the Spider Nest on Dec 22, 2016.
             The game lasted 01:38:24 (25601 turns).

Vedraith the Tortoise (Minotaur Fighter)           Turns: 25601, Time: 01:38:24

Health: 0/152      AC: 38    Str: 31    XL:     16   Next: 35%
Magic:  15/15      EV:  5    Int:  5    God:    Okawaru [******]
Gold:   2370       SH: 28    Dex: 10    Spells: 0 memorised, 15 levels left

rFire  + + .     SeeInvis +     v - +11 war axe of Fortitude {drain, rF+ rN+}
rCold  . . .     Gourm    .     y - +1 crystal plate armour
rNeg   + . .     Faith    .     C - +0 large shield
rPois  .         Spirit   .     o - +0 hat of the Duchess {rF+}
rElec  .         Reflect  +     P - +0 cloak
rCorr  +         Harm     .     O - +2 pair of gloves of Lucidity {rCorr Str+3}
MR     ++...     Clarity  +     A - +2 pair of boots {Stlth+}
Stlth  ..........               D - +2 amulet of reflection
                                R - ring of see invisible
                                n - +4 ring of protection

@: lethally poisoned (0 -> -1)
A: retaliatory headbutt, fangs 1, horns 2, large bone plates 1, clarity, magic
resistance 1
a: Heroism, Finesse, Renounce Religion


You were on level 2 of the Spider Nest.
You worshipped Okawaru.
Okawaru was exalted by your worship.
You were full.

You visited 5 branches of the dungeon, and saw 26 of its levels.
You also visited: Ice Cave.

You collected 2370 gold pieces.

Inventory:

Hand Weapons
 v - the +11 war axe of Fortitude (weapon) {drain, rF+ rN+}
   (You found it on level 2 of the Lair of Beasts)

   A truly terrible weapon, it drains the life of those it strikes.
   It protects you from fire.
   It protects you from negative energy.
 z - a +3 scimitar of flaming
Armour
 b - a +2 pair of gloves
 d - a +2 pair of boots
 o - the +0 hat of the Duchess (worn) {rF+}
   (Okawaru gifted it to you on level 2 of the Lair of Beasts)

   It protects you from fire.
 q - the +0 pair of boots of the Original Sin {rC++ rN++ Int-5}
   (Okawaru gifted it to you on level 6 of the Lair of Beasts)

   It affects your intelligence (-5).
   It greatly protects you from cold.
   It greatly protects you from negative energy.
 y - a +1 crystal plate armour (worn)
 A - a +2 pair of boots of stealth (worn)
 C - a +0 large shield (worn)
 J - a +0 shield of reflection
 O - the +2 pair of gloves of Lucidity (worn) {rCorr Str+3}
   (Okawaru gifted it to you on level 12 of the Dungeon)

   It affects your strength (+3).
   It protects you from acid and corrosion.
 P - a +0 cloak (worn)
 T - a +0 shield of protection
Jewellery
 e - an uncursed amulet of regeneration
 i - a cursed -2 ring of slaying
 n - a +4 ring of protection (left hand)
 s - an uncursed amulet of the gourmand
 D - a +2 amulet of reflection (around neck)
 R - a ring of see invisible (right hand)
Wands
 a - a wand of iceblast (10/15)
 j - a wand of lightning (3/15)
 U - a wand of hasting (3/9)
Scrolls
 h - 6 scrolls of blinking
 l - a scroll of fog
 m - 2 scrolls of enchant weapon
 p - a scroll of recharging
 w - 3 scrolls of teleportation
 E - 8 scrolls of identify
Potions
 c - 4 potions of heal wounds
 g - 6 potions of curing
 t - 3 potions of magic
 x - 3 potions of flight
 B - 2 potions of cancellation
Books
 f - a book of Cantrips

   Spells                             Type                      Level
   a - Confusing Touch                Hexes                        1
   b - Animate Skeleton               Necromancy                   1
   c - Summon Small Mammal            Summoning                    1
   d - Apportation                    Translocation                1
 u - a book of Party Tricks

   Spells                             Type                      Level
   a - Summon Butterflies             Summoning                    1
   b - Apportation                    Translocation                1
   c - Lesser Beckoning               Translocation                3
   d - Tukima's Dance                 Hexes                        3
   e - Alistair's Intoxication        Transmutation/Poison         5
   f - Invisibility                   Hexes                        6
 G - a book of Battle

   Spells                             Type                      Level
   a - Infusion                       Charms                       1
   b - Shroud of Golubria             Charms/Translocation         2
   c - Song of Slaying                Charms                       2
   d - Spectral Weapon                Hexes/Charms                 3
   e - Regeneration                   Charms/Necromancy            3
 K - Usuat's Disquisition on Mutagenic Talismans
   (You found it on level 2 of the Spider Nest)

   Spells                             Type                      Level
   a - Repel Missiles                 Charms/Air                   2
   b - Swiftness                      Charms/Air                   2
   c - Ice Form                       Ice/Transmutation            4
   d - Yara's Violent Unravelling     Hexes/Transmutation          5
   e - Dragon Form                    Transmutation                7
Comestibles
 k - 50 fruits
 r - 5 meat rations
 F - a chunk of flesh
 H - 2 slices of pizza
 I - 9 bread rations
 V - 2 royal jellies


   Skills:
 + Level 16.6 Fighting
 - Level 15.6 Long Blades
 + Level 11.4 Axes
 + Level 16.8 Armour
 + Level 16.8 Shields


You had 15 spell levels left.
You didn't know any spells.

Dungeon Overview and Level Annotations

Branches:
Dungeon (15/15)            Temple (1/1) D:5            Lair (6/6) D:11
  Swamp (0/4) Lair:2       Spider (2/4) Lair:3        Slime (0/5) Lair:6
    Orc (2/2) D:12            Elf (0/3) Orc:2        Vaults (0/5) D:13
 Depths (0/5) D:15

Altars:
Ashenzari
Cheibriados
Dithmenos
Elyvilon
Fedhas
Gozag
Hepliaklqana
Kikubaaqudgha
Makhleb
Nemelex Xobeh
Okawaru
Qazlal
Ru
Sif Muna
Trog
Uskayaw
Vehumet
Xom
Yredelemnul
Zin
The Shining One
Beogh

Shops:
D:5 :   D:8 ?   Orc:2 ([=

Portals:
Hell: Lair:6


Innate Abilities, Weirdness & Mutations

You reflexively headbutt those who attack you in melee.
You have a pair of horns on your head.
You have very sharp teeth.
You are partially covered in large bone plates. (SH +4)
You possess an exceptional clarity of mind.
You are resistant to hostile enchantments. (MR+)


Message History

You feel sick.
You see here the guardian serpent corpse of Aizul.
You feel sick.
The orb spider spins a strand of pure energy.
You feel sick.
You feel sick.
You feel sick.
The orb spider weaves a glowing orb of energy.
An orb of destruction comes into view.
You feel sick.
You feel sick.
The orb of destruction hits a rock wall.
The rock wall explodes into countless fragments.
The orb spider weaves a glowing orb of energy.
An orb of destruction comes into view.
You feel sick.
You feel sick.
The orb spider begins to weave its threads into a brightly glowing ball.
The orb of destruction hits you!
You die...

.. .### ## ... #≈
#^.####≈ #...#..# #
## #...#..# .. ^.
#.....# ...
#..#.#<.#..# ....
#......@.†.#^..#.
..#.$..#§.#....... #
.##...#§^)...#.
#.#.#.. #§|##......
#...#..##§..#.^^...
......).<§.......##.
........#s..s.##..≈
##..###.§#.....#####
.......#s#........


You could see 2 orb spiders.

Vanquished Creatures
  Saint Roka (Orc:2)
  Jorgrun (Spider:2)
  Arachne (Spider:2)
  Agnes (D:15)
  Donald (Spider:1)
  Aizul (Spider:2)
  A ghost moth (Lair:3)
  A stone giant (Orc:1)
  A slime creature (D:15)
  The ghost of Quirk the Executioner, a journeyman MiFi of Ashenzari (D:14)
  2 dire elephants (Lair:6)
  Josephine (Lair:6)
  6 hydras
  4 vault guards (D:13)
  2 catoblepae
  Harold (Lair:2)
  3 centaur warriors
  13 death yaks
  A death knight (D:11)
  A tengu warrior (D:13)
  An orc high priest (Orc:2)
  The ghost of ZomBoFoB the Protected, a novice DsCK of Xom (D:9)
  Urug (D:12)
  A sun demon (Lair:6)
  Sonja (D:14)
  A fire crab (shapeshifter) (D:15)
  A skeletal warrior (D:11)
  A sixfirhy (Lair:6)
  6 unseen horrors
  A wizard (Lair:6)
  4 hill giants
  4 orb spiders (Spider:1)
  7 wolf spiders
  2 orc sorcerers (Orc:2)
  6 orc knights
  4 cyclopes
  A deep elf mage (D:7)
  3 ugly things
  4 manticores
  A moth of wrath (Lair:3)
  The ghost of Paps the Shield-Bearer, a novice GrFi of the Shining One (D:6)
  Maurice (D:13)
  The ghost of Quirk the Chopper, a novice MiFi (D:4)
  4 elephants (Lair:6)
  Joseph (D:7)
  2 orange demons (Lair:6)
  A torpor snail (Spider:1)
  2 black mambas (Lair:3)
  13 spiny frogs
  A gargoyle (D:13)
  A kobold demonologist (D:12)
  An efreet (D:13)
  A komodo dragon (shapeshifter) (D:15)
  2 rime drakes
  6 demonic crawlers
  4 komodo dragons
  3 freezing wraiths (D:11)
  A yaktaur (shapeshifter) (D:15)
  3 red devils (Lair:6)
  10 trolls
  4 ice devils
  A hellwing (Lair:6)
  3 meliai (D:14)
  A hornet (shapeshifter) (D:15)
  9 jumping spiders
  5 tyrant leeches (Lair:2)
  4 hornets
  4 two-headed ogres
  10 blink frogs (Lair:4)
  8 hippogriffs
  5 dream sheep (Lair:6)
  20 yaks
  Sigmund (D:6)
  4 wraiths
  A spriggan (Lair:1)
  A tarantella (shapeshifter) (D:15)
  15 redbacks
  13 tarantellas
  3 shadows (D:14)
  8 fire bats (Lair:1)
  20 fire elementals
  A hungry ghost (D:11)
  The ghost of dondy the Pure, an amateur DsAK of Lugonu (D:3)
  5 vampire mosquitoes (D:13)
  A basilisk (Lair:3)
  Edmund (D:4)
  8 wargs
  A swamp worm (Lair:2)
  A harpy simulacrum (D:15)
  3 soldier ants
  8 porcupines
  17 water moccasins
  Duvessa (D:7)
  A swamp drake (D:11)
  2 hell hounds (Lair:6)
  33 orc warriors
  3 sky beasts
  11 ice beasts
  7 phantoms
  2 black bears
  13 wolves
  12 ogres
  2 boggarts (D:15)
  11 centaurs
  19 crocodiles
  2 big kobolds
  13 bullfrogs
  2 wyvern zombies
  Dowan (D:7)
  9 killer bees (D:8)
  7 scorpions
  6 wights
  7 howler monkeys
  6 crimson imps
  A quasit (D:11)
  18 orc priests
  3 bullfrog skeletons
  3 bullfrog zombies
  7 jellies
  2 gnoll shamans (D:4)
  3 centaur zombies
  11 hounds
  2 centaur skeletons
  5 iguanas
  Natasha (twice) (D:2)
  22 orc wizards
  10 worker ants
  2 hound skeletons
  A worker ant zombie (D:9)
  Robin (D:3)
  46 gnolls
  11 adders
  5 shadow imps
  12 white imps (Lair:4)
  3 oozes (Lair:6)
  An adder zombie (D:7)
  An adder skeleton (D:4)
  4 worms
  2 dart slugs
  9 leopard geckos
  91 orcs
  2 giant cockroaches
  11 hobgoblins
  45 jackals
  3 quokkas
  4 ball pythons
  13 bats
  6 frilled lizards
  16 goblins
  11 kobolds
  8 rats
  3 fungi
  A plant (Lair:6)
912 creatures vanquished.

Vanquished Creatures (others)
  A boggart (D:15)
  An orc wizard (Orc:2)
  2 orcs (Orc:1)
  2 fungi
  A plant (Lair:4)
  4 toadstools (D:1)
11 creatures vanquished.

Grand Total: 923 creatures vanquished

Notes
Turn   | Place    | Note
-------+----------+-------------------------------------------
     0 | D:1      | Vedraith the Minotaur Fighter began the quest for the Orb.
     0 | D:1      | Reached XP level 1. HP: 19/19 MP: 0/0
    64 | D:1      | Reached XP level 2. HP: 16/26 MP: 1/1
    87 | D:1      | Found a glowing golden altar of the Shining One.
   523 | D:1      | Reached XP level 3. HP: 31/31 MP: 2/2
   840 | D:2      | Noticed Natasha
   847 | D:2      | HP: 1/31 [Natasha/magic dart (9)]
   850 | D:2      | Gained mutation: You are partially covered in large bone plates. (SH +4) [potion of mutation]
   850 | D:2      | Gained mutation: You possess an exceptional clarity of mind. [potion of mutation]
   850 | D:2      | Gained mutation: You are resistant to hostile enchantments. (MR+) [potion of mutation]
   853 | D:2      | Killed Natasha
   853 | D:2      | Reached skill level 5 in Long Blades
   853 | D:2      | Reached XP level 4. HP: 3/39 MP: 3/3
  1367 | D:2      | Noticed Natasha
  1372 | D:2      | Killed Natasha
  1505 | D:2      | Reached XP level 5. HP: 42/45 MP: 4/4
  1895 | D:3      | Noticed Robin
  2092 | D:3      | Killed Robin
  2272 | D:3      | Noticed dondy's ghost (amateur DsAK)
  2287 | D:3      | Killed dondy's ghost
  2287 | D:3      | Reached XP level 6. HP: 51/51 MP: 5/5
  2546 | D:4      | Noticed Quirk's ghost (novice MiFi)
  3076 | D:4      | Killed Quirk's ghost
  3076 | D:4      | Reached skill level 10 in Long Blades
  3076 | D:4      | Reached XP level 7. HP: 17/57 MP: 6/6
  3798 | D:4      | Noticed Edmund
  3810 | D:4      | Killed Edmund
  3998 | D:4      | Reached XP level 8. HP: 65/67 MP: 7/7
  4118 | D:4      | Reached skill level 5 in Armour
  4121 | D:4      | Reached skill level 5 in Shields
  4295 | D:4      | Reached skill level 5 in Fighting
  5082 | D:5      | Entered Level 5 of the Dungeon
  5082 | D:5      | Found Nowosh's Book Emporium.
  5265 | D:5      | Found a staircase to the Ecumenical Temple.
  5407 | D:5      | Reached XP level 9. HP: 77/77 MP: 8/8
  5691 | D:5      | Found a faded altar of an unknown god.
  5691 | D:5      | Found a faded altar of an unknown god.
  5696 | D:5      | Found a faded altar of an unknown god.
  5698 | D:5      | Found a faded altar of an unknown god.
  5700 | D:5      | Found a basalt altar of Yredelemnul.
  5796 | Temple   | Entered the Ecumenical Temple
  6145 | D:6      | Noticed Paps's ghost (novice GrFi)
  6205 | D:6      | Killed Paps's ghost
  6362 | D:6      | Found a blossoming altar of Fedhas.
  6363 | D:6      | Found a bloodstained altar of Trog.
  6660 | D:6      | Noticed Sigmund
  6676 | D:6      | Killed Sigmund
  7150 | D:7      | Noticed Joseph
  7161 | D:7      | Killed Joseph
  7371 | D:7      | Noticed Dowan
  7372 | D:7      | Reached XP level 10. HP: 88/88 MP: 9/9
  7375 | D:7      | Noticed Duvessa
  7386 | D:7      | Killed Duvessa
  7395 | D:7      | Killed Dowan
  7704 | D:7      | Found an iron altar of Okawaru.
  7708 | D:7      | Got a faintly glowing spear
  7713 | D:7      | Became a worshipper of Warmaster Okawaru
  7955 | D:7      | Found a deep blue altar of Sif Muna.
  7955 | D:7      | Noticed a deep elf mage
  7972 | D:7      | Killed a deep elf mage
  8112 | D:7      | Noticed an angel
  8113 | D:7      | Found a glowing silver altar of Zin.
  8366 | D:8      | Found a burning altar of Makhleb.
  8430 | D:8      | Got a faintly glowing scale mail
  8441 | D:8      | Identified the cursed +1 scale mail of the Evening {rN+ Str-2 SInv Stlth+} (You found it on level 8 of the Dungeon)
  8455 | D:8      | Identified the cursed +1 spear "Cekloshro" {chaos, +Blink Int-5 Dex+3} (You found it on level 7 of the Dungeon)
  8560 | D:8      | Reached * piety under Okawaru
  8755 | D:8      | Found Lomaj's Magic Scroll Shoppe.
  9225 | D:9      | Found an ancient bone altar of Kikubaaqudgha.
  9247 | D:9      | Reached ** piety under Okawaru
  9307 | D:9      | Noticed a brown ugly thing
  9346 | D:9      | Killed a brown ugly thing
  9456 | D:9      | Reached XP level 11. HP: 80/99 MP: 10/10
  9693 | D:9      | Noticed ZomBoFoB's ghost (novice DsCK)
  9742 | D:9      | Killed ZomBoFoB's ghost
  9742 | D:9      | Reached *** piety under Okawaru
  9742 | D:9      | Reached skill level 10 in Fighting
  9742 | D:9      | Reached skill level 10 in Shields
 10116 | D:10     | Entered Level 10 of the Dungeon
 10209 | D:10     | Killed an unseen horror
 10209 | D:10     | Reached skill level 10 in Armour
 10483 | D:10     | Killed an unseen horror
 10925 | D:11     | Reached **** piety under Okawaru
 11010 | D:11     | Noticed an eight-headed hydra
 11180 | D:11     | Noticed a death knight
 11186 | D:11     | Noticed a skeletal warrior
 11200 | D:11     | Killed a death knight
 11218 | D:11     | Killed a skeletal warrior
 11237 | D:11     | Reached ***** piety under Okawaru
 11521 | D:12     | Killed an unseen horror
 11521 | D:12     | Received a gift from Okawaru
 11806 | D:12     | Reached XP level 12. HP: 83/110 MP: 11/11
 11874 | D:12     | Received a gift from Okawaru
 11923 | D:12     | Got a pair of polished gloves {god gift}
 11942 | D:12     | Identified the +2 pair of gloves of Lucidity {rCorr Str+3} (Okawaru gifted it to you on level 12 of the Dungeon)
 12401 | D:12     | Noticed Urug
 12414 | D:12     | Killed Urug
 12532 | D:12     | Found a roughly hewn altar of Beogh.
 12532 | D:12     | Found a staircase to the Orcish Mines.
 12949 | D:13     | Noticed Maurice
 13031 | D:11     | Killed a one-headed hydra
 13326 | D:11     | Found a staircase to the Lair.
 13441 | Lair:1   | Entered Level 1 of the Lair of Beasts
 13518 | Lair:1   | Received a gift from Okawaru
 13709 | Lair:1   | Reached skill level 15 in Long Blades
 13737 | Lair:1   | Reached XP level 13. HP: 119/119 MP: 12/12
 14646 | Lair:2   | Found a staircase to the Swamp.
 14759 | Lair:2   | Received a gift from Okawaru
 14775 | Lair:2   | Got a scorched hat {god gift}
 14781 | Lair:2   | Identified the +0 hat of the Duchess {rF+} (Okawaru gifted it to you on level 2 of the Lair of Beasts)
 14976 | Lair:2   | Noticed Harold
 14985 | Lair:2   | Killed Harold
 15073 | Lair:2   | Got a smoking war axe
 15735 | Lair:3   | Found a hole to the Spider Nest.
 16123 | Lair:3   | Identified the +11 war axe of Fortitude {drain, rF+ rN+} (You found it on level 2 of the Lair of Beasts)
 16439 | Lair:4   | Reached skill level 1 in Axes
 16465 | Lair:4   | Found a shimmering altar of Xom.
 16513 | Lair:4   | Found a frozen archway.
 16538 | IceCv    | Entered an ice cave
 16938 | Lair:4   | Received a gift from Okawaru
 17748 | Orc:1    | Entered Level 1 of the Orcish Mines
 17750 | Orc:1    | Noticed a stone giant
 18090 | Orc:1    | Killed a stone giant
 18090 | Orc:1    | Reached XP level 14. HP: 130/130 MP: 6/13
 18671 | Orc:2    | Entered Level 2 of the Orcish Mines
 18685 | Orc:2    | Found a staircase to the Elven Halls.
 18877 | Orc:2    | Reached skill level 5 in Axes
 19078 | Orc:2    | Noticed Saint Roka
 19103 | Orc:2    | Killed Saint Roka
 19103 | Orc:2    | Received a gift from Okawaru
 19561 | Orc:2    | Found a roughly hewn altar of Beogh.
 19565 | Orc:2    | Found Suwnotol's Antique Weapon Boutique.
 19858 | Orc:2    | Found Doutyck's Antique Armour Boutique.
 19937 | Orc:2    | Found Agunawel's General Store.
 19984 | Orc:2    | Found Livil's Jewellery Boutique.
 20494 | D:13     | Killed Maurice
 20687 | D:13     | Found a gate to the Vaults.
 20714 | D:13     | Reached ****** piety under Okawaru
 20718 | D:13     | Reached skill level 15 in Shields
 20746 | D:13     | Reached skill level 15 in Armour
 21106 | D:14     | Noticed Sonja
 21114 | D:14     | Received a gift from Okawaru
 21118 | D:14     | Killed Sonja
 21118 | D:14     | Reached skill level 15 in Fighting
 21312 | D:14     | Noticed Quirk's ghost (journeyman MiFi)
 21335 | D:14     | Killed Quirk's ghost
 21373 | D:14     | Reached XP level 15. HP: 115/141 MP: 14/14
 21766 | Lair:1   | Gained mutation: You have very sharp teeth. [potion of beneficial mutation]
 22454 | Lair:6   | Entered Level 6 of the Lair of Beasts
 22515 | Lair:6   | Found a staircase to the Slime Pits.
 22821 | Lair:6   | Received a gift from Okawaru
 22825 | Lair:6   | Got a pair of polished boots {god gift}
 22836 | Lair:6   | Identified the +0 pair of boots of the Original Sin {rC++ rN++ Int-5} (Okawaru gifted it to you on level 6 of the Lair of Beasts)
 22836 | Lair:6   | Lost intelligence.
 22956 | Lair:6   | Found a burning altar of Makhleb.
 23001 | Lair:6   | Found a gateway to Hell.
 23202 | Lair:6   | Reached skill level 10 in Axes
 23229 | Lair:6   | Noticed Josephine
 23236 | Lair:6   | Killed Josephine
 23647 | D:15     | Entered Level 15 of the Dungeon
 23819 | D:15     | Noticed Agnes
 23825 | D:15     | Killed Agnes
 24095 | D:15     | Found a staircase to the Depths.
 24319 | Spider:1 | Entered Level 1 of the Spider Nest
 24325 | Spider:1 | Noticed a ghost moth
 24343 | Lair:3   | Killed a ghost moth
 24624 | Spider:1 | Received a gift from Okawaru
 24841 | Spider:1 | Reached XP level 16. HP: 151/151 MP: 15/15
 24891 | Spider:1 | Noticed Donald
 24907 | Spider:1 | Killed Donald
 25167 | Spider:2 | Noticed Arachne
 25520 | Spider:2 | Noticed Jorgrun
 25534 | Spider:2 | Killed Arachne
 25539 | Spider:2 | Killed Jorgrun
 25545 | Spider:2 | Identified Usuat's Disquisition on Mutagenic Talismans
 25547 | Spider:2 | Noticed Aizul
 25571 | Spider:2 | Killed Aizul
 25601 | Spider:2 | Blown up by an orb spider

Skill      XL: |  1  2  3  4  5  6  7  8  9 10 11 12 13 14 15 16 |
---------------+-------------------------------------------------+-----
Long Blades    | 3 4 5 6 7 10 11 12 13 14 15 | 15.6
Fighting       | 4 6 8 9 11 12 13 15 16 | 16.6
Armour         | 4 6 7 9 11 12 13 15 16 | 16.8
Shields        | 4 6 7 9 11 12 14 15 16 | 16.8
Axes           | 4 8 10 11 | 11.4

Action                   |  1- 3 |  4- 6 |  7- 9 | 10-12 | 13-15 | 16-18 || total
-------------------------+-------+-------+-------+-------+-------+-------++-------
Melee: Long sword        |    94 |   193 |   473 |   616 |       |       ||  1376
       Headbutt          |    11 |    27 |   107 |   253 |   326 |    26 ||   750
       Scimitar          |       |       |       |   416 |    26 |       ||   442
       Double sword      |       |       |       |    18 |   220 |       ||   238
       Hand axe          |       |       |       |    15 |       |       ||    15
       War axe           |       |       |       |       |   938 |    99 ||  1037
       Bite              |       |       |       |       |    36 |    11 ||    47
Invok: Heroism           |       |       |       |     4 |     5 |     1 ||    10
       Finesse           |       |       |       |       |     2 |     1 ||     3
  Use: Potion            |     3 |     3 |     2 |     3 |    13 |     1 ||    25
       Scroll            |       |       |     2 |    11 |    20 |       ||    33
  Eat: Bread ration      |       |     1 |       |     1 |       |       ||     2
       Chunk             |       |     2 |     7 |    40 |    37 |       ||    86
       Meat ration       |       |     1 |       |       |       |       ||     1
       Fruit             |       |       |     2 |       |       |       ||     2
       Royal jelly       |       |       |     1 |       |       |       ||     1
Armor: Scale mail        |    42 |    72 |    13 |       |       |       ||   127
       Skin              |     3 |       |       |       |       |       ||     3
       Chain mail        |       |       |    77 |       |       |       ||    77
       Crystal plate arm |       |       |    26 |   528 |   731 |   108 ||  1393
Dodge: Dodged            |    31 |    55 |    64 |    86 |   201 |    28 ||   465
Block: Shield            |    46 |   166 |   296 |   840 |  1166 |       ||  2514
       Large shield      |       |       |       |       |    30 |   188 ||   218
       Reflection        |       |       |       |       |       |     1 ||     1
       Rpst.: Long sword |     8 |    12 |    17 |     8 |       |       ||    45
       Scimitar          |       |       |       |    15 |     1 |       ||    16
       Double sword      |       |       |       |       |     6 |       ||     6
